 Dungeon Crawl Stone Soup version 0.28.0-53-g5a82cb258f (webtiles) character file.

Game seed: 4311720725109283841

5413 mortz the Destroyer (level 10, 0/71 HPs)
             Began as a Demigod Conjurer on July 5, 2022.
             Slain by a human
             ... wielding a +4 vorpal hand axe
              (2 damage)
             ... in a bailey on July 6, 2022.
             The game lasted 01:12:38 (11853 turns).

mortz the Destroyer (Demigod Conjurer)             Turns: 11853, Time: 01:12:39

Health: 0/71       AC:  8    Str: 12    XL:     10   Next: 17%
Magic:  4/23       EV: 12    Int: 28    God:
Gold:   459        SH:  6    Dex: 12    Spells: 15/22 levels left

rFire   + . .      SeeInvis .   H - +5 long sword {long}
rCold   + . .      Faith    .   o - +2 buckler
rNeg    . . .      Spirit   .   b - +2 robe {rC+ rF+}
rPois   .          Reflect  .   (no helmet)
rElec   .          Harm     .   (no cloak)
rCorr   .          Rampage  .   (no gloves)
Will    +....                   (no boots)
Stlth   ++........              B - amulet of magic regeneration {@e2}
HPRegen 0.21/turn               (no ring)
MPRegen 0.58/turn               A - +4 ring of protection

@: no status effects
A: high MP 1, forlorn, divine attributes
a: no special abilities


You were in a bailey.
You visited 1 branch of the dungeon, and saw 8 of its levels.
You also visited: Sewer, Ossuary and Bailey.

You collected 459 gold pieces.


Innate Abilities, Weirdness & Mutations

You have an increased reservoir of magic. (+10% MP)
You shall have no god before yourself.
Your divine heritage dramatically boosts your attributes as you level up.


   Skills:
 + Level 1.0 Fighting
 + Level 0.5 Short Blades
 + Level 1.0 Throwing
 * Level 5.5 Armour
 + Level 3.9 Dodging
 + Level 3.5 Stealth
 + Level 2.1 Shields
 + Level 6.5 Spellcasting
 + Level 8.6 Conjurations
 * Level 5.3 Translocations


You had 15 spell levels left.
You knew the following spells:

 Your Spells              Type           Power      Damage    Failure   Level
a - Magic Dart            Conj           100%       1d8       1%          1
b - Searing Ray           Conj           100%       2d8       1%          2
c - Iskenderun's Mystic   Conj/Tloc      48%        2d11      4%          4

Your spell library contained the following spells:

 Spells                   Type           Power      Damage    Failure   Level
 Dazzling Flash           Conj/Hex       66%        N/A       3%          3
 Corpse Rot               Necr/Air       18%        N/A       12%         2
 Fulminant Prism          Conj/Hex       16%        3d11      13%         4
 Dispel Undead            Necr           9%         3d8       58%         4
 Death Channel            Necr           4%         N/A       100%        6

Inventory:

Hand Weapons
 c - a +3 war axe of flaming {axe}
   (You took it off Blork the orc on level 5 of the Dungeon)
 d - a +1 vorpal flail {mace}
   (You found it on level 7 of the Dungeon)
 w - a +3 rapier of electrocution {short}
   (You took it off Eustachio on level 4 of the Dungeon)
 G - a +4 scythe {polearm}
   (You took it off a gnoll on level 6 of the Dungeon)
 H - a +5 long sword (weapon) {long}
   (You took it off a wight on level 7 of the Dungeon)
 I - a +1 spear {polearm}
   (You took it off a wight on level 7 of the Dungeon)
 K - a +2 vorpal hand axe {axe}
   (You took it off a human in a bailey)
Missiles
 j - 20 poisoned darts {throwing}
Armour
 b - a +2 robe of resistance (worn)
   (You took it off Blork the orc on level 5 of the Dungeon)
 k - a +4 ring mail
   (You found it on level 3 of the Dungeon)
 o - a +2 buckler (worn)
   (You took it off a goblin on level 3 of the Dungeon)
Jewellery
 i - a +6 ring of dexterity
   (You took it off a gnoll sergeant on level 5 of the Dungeon)
 p - the amulet of the Lily {Acrobat rC+ Dex+3}
   (You found it on level 4 of the Dungeon)

   [amulet of the acrobat]

   It increases your evasion while moving and waiting.
   Dex:       It affects your dexterity (+3).
   rC:        It protects you from cold.
 x - a ring of protection from cold
   (You found it on level 5 of the Dungeon)
 A - a +4 ring of protection (right hand)
   (You found it on level 5 of the Dungeon)
 B - an amulet of magic regeneration (around neck) {@e2}
   (You found it on level 6 of the Dungeon)
Wands
 s - a wand of paralysis (9)
   (You found it on level 4 of the Dungeon)
 t - a wand of acid (10)
   (You took it off an orc priest on level 4 of the Dungeon)
 y - a wand of flame (7)
   (You found it on level 5 of the Dungeon)
Scrolls
 e - 3 scrolls of teleportation {@r4}
 f - 2 scrolls of noise {unknown}
 h - 3 scrolls of fear
 m - a scroll of acquirement {unknown}
 n - a scroll of enchant armour {unknown}
 u - a scroll of amnesia {unknown}
 z - a scroll of enchant weapon {unknown}
 C - a scroll of immolation {unknown}
Potions
 a - 2 potions of lignification {!q}
 g - a potion of cancellation
 l - 3 potions of resistance
 q - a potion of haste {@q3}
 r - 3 potions of attraction {!q}
 v - 2 potions of curing {@q1}
 D - a potion of ambrosia
 E - a potion of flight
 F - a potion of degeneration {unknown}
 J - a potion of might {unknown}

Dungeon Overview and Level Annotations

Branches:
Dungeon (8/15)             Temple (0/1) D:7           Sewer (visited)
Ossuary (visited)          Bailey (1/1)
   Lair: D:8-11

Shops:
D:4 =

Annotations:
D:8 Joseph

#...#
#...#
#...
#..
#+#'#
##...##
#..)..#
#.∩.p)#
#....@#
##...##
#####


You could see a human.


Message History

Casting: Iskenderun's Mystic Blast (dangerous; 4% risk of failure)
Confirm with . or Enter, or press ? or * to list all spells.
You erupt in a blast of force!
The mystic blast hits the human.
The human is knocked back by the mystic blast.
The human slams into the stone wall!
The mystic blast hits the human but does no damage.
The human hits you with a +0 war axe. 😮 HP[-1] MP[-3]
You take 1 damage, and now have 50/70 hp.
You lost 3 mp, and now have 6/23 mp.
Casting: Iskenderun's Mystic Blast (dangerous; 4% risk of failure)
Confirm with . or Enter, or press ? or * to list all spells.
Aiming: Searing Ray (safe; 1% risk of failure)
Press: ? - help, Shift-Dir - straight line, f - human
Aim: a human, wielding a +0 war axe and wearing a +0 scale mail (heavily wounded, 79% to hit)
The searing ray hits the human. (Press . to maintain the ray.)
You block the human's attack. 😮 HP[+1] MP[-2]
You lost 2 mp, and now have 4/23 mp.
The searing ray hits the human!
The human misses you.
The searing ray hits the human!
You kill the human!
You block the human's attack. 😮 MP[-1]
You lost 1 mp, and now have 3/23 mp.
Casting: Searing Ray (safe; 1% risk of failure)
Confirm with . or Enter, or press ? or * to list all spells.
Restarting spell: Searing Ray (safe; 1% risk of failure)
Press: ? - help, Shift-Dir - straight line, f - human
Aim: a human, wielding a +2 vorpal hand axe and wearing a +0 ring mail (heavily wounded, 79% to hit)
The searing ray hits the human. (Press . to maintain the ray.)
The human hits you with a +2 vorpal hand axe! 😮 HP[-10] MP[-1]
You take 10 damage, and now have 41/70 hp.
You lost 1 mp, and now have 2/23 mp.
The searing ray hits the human.
You block the human's attack.
The searing ray hits the human.
The human hits you with a +2 vorpal hand axe!
* * * LOW HITPOINT WARNING * * *
x2 😨 HP[-9] MP[-1]
You take 9 damage, and now have 32/70 hp.
You lost 1 mp, and now have 1/23 mp.
The searing ray hits the human but does no damage.
You finish channelling your searing ray.
You block the human's attack.
You hit the human.
You kill the human!
Your Fighting skill increases to level 1! 😨 HP[+1] MP[+1]
You now have 71 max hp (+1).
K - a +2 vorpal hand axe {axe}
There is an empty arch of ancient stone here.
Things that are here:
a +0 ring mail; a +0 war axe {axe}; a +0 scale mail A human comes into view.
It is wielding a +4 vorpal hand axe. 😨 MP[+1] 😨 MP[+1] 😨 HP[+1] 😨 MP[+1]
Casting: Searing Ray (safe; 1% risk of failure)
Confirm with . or Enter, or press ? or * to list all spells.
You erupt in a blast of force!
The mystic blast hits the human!
The human is knocked back by the mystic blast.
The human slams into the stone wall! 😨 MP[-3]
You lost 3 mp, and now have 2/23 mp.
Casting: Iskenderun's Mystic Blast (dangerous; 4% risk of failure)
Confirm with . or Enter, or press ? or * to list all spells.
Aiming: Searing Ray (safe; 1% risk of failure)
Press: ? - help, Shift-Dir - straight line, f - human
Aim: a human, wielding a +4 vorpal hand axe and wearing a +0 scale mail (moderately wounded, 79% to hit)
The searing ray hits the human! (Press . to maintain the ray.) 😨 MP[-2]
You lost 2 mp, and now have 0/23 mp.
You hit the human.
The human hits you with a +4 vorpal hand axe.
* * * LOW HITPOINT WARNING * * *
x2 😨 HP[-3] MP[+1]
You take 3 damage, and now have 31/71 hp.
You closely miss the human. You block the human's attack. 😨 MP[+1]
You barely miss the human. The human closely misses you.
The human hits you with a +4 vorpal hand axe.
* * * LOW HITPOINT WARNING * * *
x2 😨 HP[-6] MP[+1]
You take 6 damage, and now have 25/71 hp.
You hit the human but do no damage.
The human hits you with a +4 vorpal hand axe.
* * * LOW HITPOINT WARNING * * *
x2 😨 HP[-5] MP[+1]
You take 5 damage, and now have 20/71 hp.
You barely miss the human.
The human hits you with a +4 vorpal hand axe!
* * * LOW HITPOINT WARNING * * *
x2 The human hits you with a +4 vorpal hand axe!
* * * LOW HITPOINT WARNING * * *
You die...

Skill      XL: |  1  2  3  4  5  6  7  8  9 10 |
---------------+-------------------------------+-----
Conjurations   | 4 5 6 8 |  8.6
Spellcasting   | 2 3 4 5 6 |  6.5
Stealth        | 2 3 |  3.5
Dodging        | 2 3 |  3.9
Armour         | 1 3 4 5 |  5.5
Translocations | 1 2 4 5 |  5.3
Throwing       | 1 |  1.0
Shields        | 1 2 |  2.1
Fighting       | 1 |  1.0
Short Blades   | |  0.5

Action                   |  1- 3 |  4- 6 |  7- 9 | 10-12 || total
-------------------------+-------+-------+-------+-------++-------
Melee: Short sword       |       |    13 |       |       ||    13
       War axe           |       |       |     1 |       ||     1
       Long sword        |       |       |       |     7 ||     7
Throw: Dart              |       |     3 |       |       ||     3
 Cast: Magic Dart        |    72 |    36 |   152 |     8 ||   268
       Searing Ray       |    15 |    54 |   116 |    11 ||   196
       Iskenderun's Myst |       |       |    12 |     7 ||    19
  Use: Scroll            |     1 |     5 |     7 |       ||    13
Armor: Robe              |     1 |     2 |    15 |     2 ||    20
       Ring mail         |       |    17 |    10 |       ||    27
Dodge: Dodged            |     6 |    31 |   104 |    21 ||   162
Block: Buckler           |       |     9 |    50 |    14 ||    73

Levels and vault maps discovered:
D:1:      shiori_arrival_oz, layout_loops_ring, chequers_jeans,
          solitary_fountain, minivault_25
D:2:      minmay_door_path, layout_basic, hellmonk_ecumenical_altar_crossroads,
          minmay_small_reverse_x
D:3:      layout_basic, dk_yredelemnul_ordeal, mainiacjoe_overflow_alcove_2,
          zin_academy, cheibrodos_sewer_entry_sluice
D:4:      cheibrodos_greedy_goblins, layout_basic, overflow_temple_1_default,
          serial_shops, nicolae_shop_trees, uniq_pikel, uniq_grinder,
          uniq_eustachio, uniq_natasha
D:5:      layout_basic, mainiacjoe_overflow_cross_hatched,
          nicolae_overflow_hidden_temple, uniq_blork_the_orc
D:6:      layout_rooms, gup_ossuary_entry_pyramid, sigmund_army
D:7:      layout_basic, minmay_temple_entry_steel_oval, minmay_chambers_of_fives
D:8:      layout_layer_cave, nicolae_overflow_squiral, enter_bailey_4,
          uniq_joseph
Bailey:   bailey_axe_froggy_fort_hellmonk, bailey

Notes
Turn   | Place    | Note
-------+----------+-------------------------------------------
     0 | D:1      | mortz the Demigod Conjurer began the quest for the Orb.
     0 | D:1      | Reached XP level 1. HP: 14/14 MP: 5/5
     0 | D:1      | magus.rc [v1.9.6]
   292 | D:1      | Reached skill level 4 in Conjurations
   349 | D:1      | Reached XP level 2. HP: 20/20 MP: 1/7
   352 | D:1      | Learned a level 2 spell: Searing Ray
   540 | D:1      | Reached skill level 2 in Spellcasting
  1185 | D:1      | Reached XP level 3. HP: 8/26 MP: 0/8
  1530 | D:2      | Reached skill level 2 in Stealth
  2164 | D:2      | Reached XP level 4. HP: 33/33 MP: 7/10
  2526 | D:2      | Reached skill level 5 in Conjurations
  2846 | D:3      | Found a glowing drain.
  2858 | Sewer    | Entered a sewer
  3173 | Sewer    | Reached XP level 5. HP: 38/38 MP: 7/12
  3583 | Sewer    | Reached skill level 2 in Dodging
  4319 | D:3      | Noticed a human
  4320 | D:3      | Found a runed translucent door.
  4488 | D:3      | You pick up a book of Decay and begin reading...
  4488 | D:3      | You add the spells Corpse Rot, Dispel Undead and Death
                  | Channel to your library.
  4520 | D:3      | Reached skill level 3 in Spellcasting
  4667 | D:4      | Noticed an ogre
  4673 | D:4      | Killed an ogre
  4674 | D:4      | Reached XP level 6. HP: 27/45 MP: 4/14
  4824 | D:4      | Identified the amulet of the Lily {Acrobat rC+ Dex+3}
  4861 | D:4      | Noticed Grinder
  4878 | D:4      | HP: 10/45 [Grinder/nerve-wracking pain (7)]
  4882 | D:4      | HP: 4/45 [poisoned by an adder]
  4885 | D:4      | HP: 1/45 [poisoned by an adder]
  5329 | D:4      | Paralysed by Grinder for 6 turns
  5338 | D:4      | Noticed Pikel
  5551 | D:4      | Killed Grinder
  5552 | D:4      | Reached skill level 1 in Armour
  5552 | D:4      | Reached skill level 1 in Translocations
  5744 | D:4      | Reached XP level 7. HP: 49/50 MP: 8/15
  6138 | D:4      | Reached skill level 1 in Throwing
  6138 | D:4      | Reached skill level 2 in Armour
  6234 | D:4      | Reached skill level 2 in Translocations
  6436 | D:3      | magus.rc [v1.9.6]
  6562 | D:4      | Noticed Eustachio
  6633 | D:4      | Noticed Natasha
  6637 | D:4      | Killed Natasha
  6673 | D:4      | Reached skill level 4 in Spellcasting
  6832 | D:4      | Killed Pikel
  6833 | D:4      | Reached skill level 3 in Armour
  6833 | D:4      | Reached skill level 3 in Stealth
  6833 | D:4      | Reached skill level 1 in Shields
  6833 | D:4      | Reached skill level 6 in Conjurations
  6833 | D:4      | Reached XP level 8. HP: 29/57 MP: 0/18
  6988 | D:4      | Noticed Natasha
  6992 | D:4      | Killed Natasha
  7062 | D:4      | Found Asuelu's Jewellery Shop.
  7218 | D:4      | Noticed Natasha
  7220 | D:4      | Killed Natasha
  7221 | D:4      | Reached skill level 3 in Translocations
  7324 | D:4      | Killed Eustachio
  7454 | D:5      | Entered Level 5 of the Dungeon
  7457 | D:5      | Noticed Blork the orc
  7523 | D:5      | Killed Blork the orc
  7663 | D:4      | Learned a level 4 spell: Iskenderun's Mystic Blast
  7834 | D:5      | Reached skill level 4 in Armour
  8274 | D:5      | Reached skill level 3 in Dodging
  8277 | D:5      | Reached skill level 5 in Spellcasting
  8613 | D:5      | Reached skill level 4 in Translocations
  8730 | D:5      | Reached XP level 9. HP: 61/63 MP: 11/20
  8999 | D:6      | Reached skill level 7 in Conjurations
  9189 | D:6      | Reached skill level 2 in Shields
  9337 | D:6      | Found a sand-covered staircase.
  9345 | Ossuary  | Entered an ossuary
 10056 | D:6      | magus.rc [v1.9.6]
 10418 | D:7      | Noticed a gargoyle
 10431 | D:7      | Killed a gargoyle
 10432 | D:7      | Reached skill level 5 in Armour
 10432 | D:7      | Reached skill level 6 in Spellcasting
 10432 | D:7      | Reached skill level 5 in Translocations
 10594 | D:7      | Reached skill level 8 in Conjurations
 10968 | D:7      | Found a staircase to the Ecumenical Temple.
 11029 | D:7      | Reached XP level 10. HP: 70/70 MP: 16/23
 11571 | D:7      | magus.rc [v1.9.6]
 11629 | D:8      | Noticed Joseph
 11709 | D:8      | Found a flagged portal.
 11814 | Bailey   | Entered a bailey
 11841 | Bailey   | Reached skill level 1 in Fighting
 11853 | Bailey   | HP: 12/71 [human/+4 vorpal hand axe (8)]
 11853 | Bailey   | HP: 2/71 [human/+4 vorpal hand axe (8)]
 11853 | Bailey   | Slain by a human

Vanquished Creatures
  Pikel (D:4)
  A gargoyle (D:7)
  A troll (D:7)
  Grinder (D:4)
  3 humans (Bailey)
  Eustachio (D:4)
  2 water moccasins (D:7)
  2 orc warriors
  2 black bears
  A sky beast (D:7)
  2 ice beasts
  A necrophage (D:5)
  A centaur (D:7)
  2 ogres (D:4)
  A phantom (D:5)
  A lemure (D:4)
  Blork the orc (D:5)
  2 gnoll sergeants
  A bullfrog (D:7)
  3 scorpions
  A wyvern zombie (D:6)
  A wyvern skeleton (D:7)
  6 killer bees (D:8)
  4 wights (D:7)
  4 howler monkeys
  A centaur zombie (Ossuary)
  3 bullfrog zombies
  3 hounds
  A human zombie (Ossuary)
  2 jellies
  3 orc priests
  A centaur skeleton (D:6)
  3 orc wizards
  A scorpion zombie (D:4)
  Natasha (thrice) (D:4)
  3 iguanas
  2 hound zombies (Ossuary)
  2 hound skeletons (D:4)
  4 mummies
  2 howler monkey skeletons (D:7)
  11 gnolls
  11 adders
  5 river rats (Sewer)
  A shadow imp (D:5)
  5 adder zombies (Ossuary)
  3 worms
  5 dart slugs
  32 orcs
  9 bats
  10 endoplasms
  5 giant cockroaches
  12 goblins
  18 hobgoblins
  9 jackals
  9 kobolds
  5 quokkas
  10 ball pythons
  2 frilled lizards (Sewer)
  4 gnoll zombies (Ossuary)
  3 goblin zombies (Ossuary)
  4 hobgoblin zombies (Ossuary)
  5 jackal zombies (Ossuary)
  2 kobold zombies (Ossuary)
  2 quokka zombies (Ossuary)
  12 rats
  4 rat zombies (Ossuary)
278 creatures vanquished.

Vanquished Creatures (others)
  An orc (D:3)
  13 fungi (D:5)
  13 plants (Sewer)
27 creatures vanquished.

Grand Total: 305 creatures vanquished

Table legend:
 A = Non-vault XP
 B = Vault XP
 C = Vault XP percentage of total XP
 D = Non-vault monster count
 E = Vault monster count
 F = Vault count percentage of total count
                 A         B        C        D         E       F
            +---------+---------+-------+---------+---------+-------
      Total |    4792 |    2941 |  38.0 |     177 |     100 |  36.1
            +---------+---------+-------+---------+---------+-------
        D:1 |      54 |       2 |   3.6 |      23 |       1 |   4.2
        D:2 |      91 |      25 |  21.6 |      28 |       9 |  24.3
        D:3 |      91 |       7 |   7.1 |      17 |       2 |  10.5
        D:4 |     575 |    1138 |  66.4 |      35 |      13 |  27.1
        D:5 |    1124 |     100 |   8.2 |      28 |       1 |   3.4
        D:6 |     766 |      59 |   7.2 |      21 |       4 |  16.0
        D:7 |    1713 |     612 |  26.3 |      19 |       5 |  20.8
        D:8 |     378 |      11 |   2.8 |       6 |       5 |  45.5
      Sewer |       0 |     137 | 100.0 |       0 |      20 | 100.0
    Ossuary |       0 |     240 | 100.0 |       0 |      36 | 100.0
     Bailey |       0 |     610 | 100.0 |       0 |       4 | 100.0
            +---------+---------+-------+---------+---------+-------

Illustrated notes

Table legend:
 A = Kills in this place as a percentage of kills in entire the game.
 B = Kills by you in this place as a percentage of kills by you in the entire game.
 C = Kills by friends in this place as a percentage of kills by friends in the entire game.
 D = Other kills in this place as a percentage of other kills in the entire game.
 E = Experience gained in this place as a percentage of experience gained in the entire game.
 F = Experience gained in this place divided by the number of levels of this place that you have seen.
                   A       B       C       D       E      F
               +-------+-------+-------+-------+-------+----------------------
         Total | 100.0 | 100.0 |   N/A |   N/A | 100.0 | 703.0
       Dungeon |  78.3 |  78.3 |   N/A |   N/A |  87.2 | 843.2
         Sewer |   7.2 |   7.2 |   N/A |   N/A |   1.8 | 137.0
       Ossuary |  13.0 |  13.0 |   N/A |   N/A |   3.1 | 240.0
        Bailey |   1.4 |   1.4 |   N/A |   N/A |   7.9 | 610.0
               +-------+-------+-------+-------+-------+----------------------

Table legend: (Time is in decaauts)
 A = Elapsed time spent in this place.
 B = Non-inter-level travel time spent in this place.
 C = Inter-level travel time spent in this place.
 D = Time resting spent in this place.
 E = Time spent auto-exploring this place.
 F = Levels seen in this place.
 G = Mean time per level.
                   A        B        C        D        E       F      G
               +--------+--------+--------+--------+--------+-----+--------+
         Total |  12011 |  11594 |    417 |      0 |   8756 |  11 | 1091.9 |
       Dungeon |  10297 |   9880 |    417 |      0 |   7731 |   8 | 1287.1 |
         Sewer |   1131 |   1131 |      0 |      0 |   1012 |   1 | 1131.0 |
       Ossuary |    540 |    540 |      0 |      0 |     13 |   1 |  540.0 |
        Bailey |     41 |     41 |      0 |      0 |      0 |   1 |   41.0 |
               +--------+--------+--------+--------+--------+-----+--------+

Top non-repeatable levels by time:
     D:4: 2423 daAuts
     D:3: 1797 daAuts
     D:7: 1565 daAuts
     D:1: 1489 daAuts
     D:2: 1255 daAuts
   Sewer: 1131 daAuts
     D:5: 1021 daAuts
     D:6: 553 daAuts
 Ossuary: 540 daAuts
     D:8: 191 daAuts
  Bailey: 41 daAuts
